 Dungeon Crawl Stone Soup version 0.30.1-11-g7821555f0a (webtiles) character file.

Game seed: 9827113967577185192

877 evanesce the Spear-Bearer (level 8, -2/57 (62) HPs)
             Began as a Merfolk Gladiator on Oct 29, 2023.
             Slain by a wight
             ... wielding a +5 mace
              (4 damage)
             ... on level 6 of the Dungeon.
             The game lasted 00:14:00 (5223 turns).

evanesce the Spear-Bearer (Merfolk Gladiator)       Turns: 5223, Time: 00:14:00

HP:   -2/57 (62)    AC: 17    Str: 23    XL:     8   Next: 4%
MP:   8/8           EV: 10    Int:  7    God:
Gold: 182           SH:  0    Dex: 15    Spells: 7/7 levels left

rFire   . . .        u - +0 halberd
rCold   . . .        (shield currently unavailable)
rNeg    . . .        s - +3 chain mail of Lidaosis {Fly Will+}
rPois   .            c - +0 helmet
rElec   .            (no cloak)
rCorr   .            w - +0 pair of gloves
SInv    .            (no boots)
Will    +....        (no amulet) Stlth
                     i - +6 ring of strength
HPRegen 0.29/turn    k - +4 ring of protection
MPRegen 0.11/turn

%: no passive effects
@: flying, drained
A: (nimble swimmer 2), mertail
a: no special abilities


You were on level 6 of the Dungeon.
You visited 1 branch of the dungeon, and saw 6 of its levels.

You collected 182 gold pieces.

Inventory:

Hand Weapons
 a - a +1 trident
 q - a +1 dagger of holy wrath
 u - a +0 halberd (weapon)
 v - a +0 glaive
Missiles
 d - 4 throwing nets (quivered)
 e - a javelin
Armour
 b - a +0 leather armour
 c - a +0 helmet (worn)
 s - the +3 chain mail of Lidaosis (worn) {Fly Will+}
   (You found it on level 2 of the Dungeon)

   Fly:       It grants you flight.
   Will:      It increases your willpower.
 w - a +0 pair of gloves (worn)
 y - an orb of guile
Jewellery
 i - a +6 ring of strength (left hand)
 k - a +4 ring of protection (right hand)
 B - a +4 ring of protection
Wands
 r - a wand of roots (4)
Scrolls
 f - 3 scrolls of teleportation
 g - a scroll of blinking {unknown}
 j - a scroll of identify {unknown}
 l - a scroll of summoning {unknown}
 m - a scroll of enchant weapon
 o - a scroll of magic mapping {unknown}
 t - a scroll of noise
 C - a scroll of immolation {unknown}
Potions
 h - 3 potions of heal wounds {unknown}
 n - a potion of lignification {unknown}
 p - 4 potions of attraction {unknown}
 x - a potion of degeneration {unknown}
 z - a potion of haste {unknown}
 A - a potion of curing


   Skills:
 + Level 5.1 Fighting
 - Level 10.1 Polearms
 - Level 2.0 Throwing
 - Level 5.7 Dodging


You had 7 spell levels left.
You didn't know any spells.
Your spell library contained the following spells:

 Spells                   Type           Power      Damage    Failure   Level
 Summon Small Mammal      Summ           0%         N/A       97%         1
 Ensorcelled Hibernation  Hex/Ice        0%         N/A       99%         2
 Call Canine Familiar     Summ           0%         N/A       100%        3
 Spider Form              Tmut/Pois      0%         N/A       100%        3
 Summon Guardian Golem    Hex/Summ       0%         N/A       100%        3
 Anguish                  Hex/Necr       0%         N/A       100%        4


Dungeon Overview and Level Annotations

Branches:
Dungeon (6/15)
 Temple: D:4-7

Altars:
Qazlal
Trog

Shops:
D:1 *

Annotations:
D:3 exclusion: downstairs
D:4 2 transporters, exclusion: 2 downstairs, lonewolfV2's ghost, amateur DsFi


Innate Abilities, Weirdness & Mutations

((You are very nimble when in or above water. (Stealth+, EV+, Speed+++)))
Your lower body shifts to a powerful aquatic tail in water.


Message History

The wight is almost destroyed.
The wight hits you with a +4 mace.
You feel drained.
You closely miss the wight.
The wight is almost destroyed.
The wight barely misses you.
You closely miss the wight.
The wight is almost destroyed.
The wight hits you but does no damage.
You barely miss the wight.
The wight is almost destroyed.
The wight barely misses you.
You impale the wight!!
You destroy the wight!
Your Fighting skill increases to level 5!
You have reached level 8!
You hit the wight.
The wight is moderately damaged.
The wight hits you with a +5 mace!
You feel drained.
You barely miss the wight.
The wight is moderately damaged.
The wight hits you but does no damage.
You barely miss the wight.
The wight is moderately damaged.
The wight hits you with a +5 mace!
You barely miss the wight.
The wight is moderately damaged.
The wight hits you with a +5 mace!
You hit the wight but do no damage.
The wight is moderately damaged.
The wight hits you with a +5 mace!
* * * LOW HITPOINT WARNING * * *
The wight attacks as you move away! The wight hits you with a +5 mace!
* * * LOW HITPOINT WARNING * * *
The wight attacks as you move away! The wight closely misses you.
The wight attacks as you move away! The wight hits you with a +5 mace!
* * * LOW HITPOINT WARNING * * *
The wight attacks as you move away! The wight closely misses you.
The wight attacks as you move away! The wight hits you but does no damage.
The wight hits you with a +5 mace.
You die...

#######
#.zzz@#
#.###.#
#.#
#.######
#.#
#.#<...#
#z#
#.####.#
#.# #.#
#.# #.#
#.# #.#
#.# #.#
#.# #.#
#.####.#


You could see 3 wights.

Vanquished Creatures
  Eustachio (D:5)
  2 ogres (D:5)
  2 scorpions (D:5)
  A wight (D:6)
  2 hounds
  An orc priest (D:5)
  A sleepcap (D:5)
  Ijyb (D:2)
  An iguana (D:2)
  2 orc wizards
  Robin (D:3)
  4 gnolls (D:3)
  3 adders
  A white imp (D:5)
  An ufetubus (D:6)
  3 dart slugs
  4 orcs (D:5)
  2 ball pythons
  12 endoplasms
  2 giant cockroaches (D:1)
  19 goblins
  6 hobgoblins
  6 jackals (D:2)
  3 quokkas (D:2)
  7 bats
  3 frilled lizards
  9 kobolds
  3 rats
103 creatures vanquished.

Notes
Turn   | Place    | Note
-------+----------+-------------------------------------------
     0 | D:1      | evanesce the Merfolk Gladiator began the quest for the Orb.
     0 | D:1      | Reached XP level 1. HP: 16/16 MP: 1/1
     7 | D:1      | Noticed a minotaur skeleton
   157 | D:1      | Reached XP level 2. HP: 21/23 MP: 2/2
   524 | D:1      | Found Jihyokol's Assorted Antiques.
   910 | D:2      | Reached XP level 3. HP: 28/28 MP: 3/3
   956 | D:2      | Reached XP level 4. HP: 22/35 MP: 4/4
  1030 | D:2      | Reached skill level 5 in Dodging
  1087 | D:2      | Reached skill level 5 in Polearms
  1309 | D:2      | Noticed Ijyb
  1339 | D:2      | Killed Ijyb
  1444 | D:2      | Identified the +3 chain mail of Lidaosis {Fly Will+}
  1536 | D:2      | Reached XP level 5. HP: 41/41 MP: 5/5
  2294 | D:3      | Noticed Robin
  2298 | D:3      | Killed Robin
  2299 | D:3      | Reached skill level 6 in Polearms
  3033 | D:4      | Noticed a black bear
  3142 | D:4      | Found a transporter.
  3142 | D:4      | Noticed lonewolfV2's ghost (amateur DsFi)
  3149 | D:4      | Found a transporter.
  3564 | D:4      | Reached XP level 6. HP: 48/48 MP: 6/6
  3604 | D:5      | Entered Level 5 of the Dungeon
  3638 | D:5      | Found a stormy altar of Qazlal.
  3654 | D:5      | Noticed Eustachio
  3655 | D:5      | Found a bloodstained altar of Trog.
  3743 | D:5      | Reached skill level 7 in Polearms
  3987 | D:5      | Reached skill level 8 in Polearms
  3987 | D:5      | Reached XP level 7. HP: 46/53 MP: 7/7
  4110 | D:5      | Reached skill level 9 in Polearms
  4721 | D:5      | Killed Eustachio
  4722 | D:5      | Reached skill level 10 in Polearms
  5207 | D:6      | Reached skill level 5 in Fighting
  5207 | D:6      | Reached XP level 8. HP: 49/59 MP: 8/8
  5220 | D:6      | HP: 1/57 [wight/+5 mace (7)]
  5223 | D:6      | Slain by a wight

Illustrated notes

Levels and vault maps discovered:
D:1:      shiori_arrival_whats_in_store_for_you, layout_basic, serial_shops,
          shop, st_stairs_6
D:2:      kennysheep_the_goblin_king, layout_basic
D:3:      layout_loops_corners, kennysheep_generic_room_2, uniq_robin
D:4:      layout_loops_corners, gammafunk_ghost_mausoleum
D:5:      layout_gridville, mainiacjoe_overflow_large_starburst, uniq_eustachio
D:6:      layout_basic, grunt_dithmenos_smoke_and_mirrors,
          minmay_temple_entry_antechambers, st_stairs_2, uniq_prince_ribbit1,
          uniq_duvessa, uniq_maggie

Skill      XL: |  1  2  3  4  5  6  7 |
---------------+----------------------+-----
Fighting       | 3 5 |  5.1
Dodging        | 5 |  5.7
Polearms       | 5 6 8 10 | 10.1
Throwing       | |  2.0

Action                     |  1- 3 |  4- 6 |  7- 9 || total
---------------------------+-------+-------+-------++-------
  Melee: Trident           |    65 |   134 |       ||   199
         Halberd           |       |    84 |    89 ||   173
    Use: Scroll            |       |     3 |       ||     3
   Stab: Sleeping          |     1 |       |       ||     1
 Armour: Leather armour    |    18 |    14 |       ||    32
         Chain mail        |       |    86 |    51 ||   137
  Dodge: Dodged            |    32 |   117 |    52 ||   201
